 Dungeon Sprint DCSS version 0.31-a0-963-ga325b2283a (webtiles) character file.

Game seed: 5462809204121116831

11512 sircluck the Brawler (level 11, -11/130 HPs)
             Began as a Troll Berserker on Oct 25, 2023.
             Was the Champion of Trog.
             Mangled by a molten gargoyle
             ... wielding a +0 flail
              (16 damage)
             ... in the Dungeon (Sprint VII: "The Pits").
             The game lasted 00:05:00 (1383 turns).

sircluck the Brawler (Troll Berserker)              Turns: 1383, Time: 00:05:01

Health: -11/130    AC:  7    Str: 31    XL:     11   Next: 50%
Magic:  10/10      EV: 16    Int:  3    God:    Trog [******]
Gold:   15         SH:  0    Dex:  9    Spells: 10/10 levels left

rFire   . .          .
                       - Unarmed
rCold   . . .        (no shield)
rNeg    . . .        p - +0 troll leather armour
rPois   .            (helmet restricted)
rElec   .            n - +0 cloak
rCorr   .            (gloves unavailable)
SInv    .            (boots unavailable)
Will    .....        (no amulet)
Stlth   +            k - +3 ring of evasion
HPRegen 2.01/turn    (no ring)
MPRegen 0.12/turn

%: no teleportation
@: slowed, very slow
A: large, unfitting armour, claws 3, regeneration 1, shaggy fur 1, tough skin 1
a: Renounce Religion, Berserk, Trog's Hand, Brothers in Arms


You were in the Dungeon.
You worshipped Trog.
Trog was exalted by your worship.
You visited 1 branch You collected 15 gold pieces.

Inventory:

Armour
 a - a +0 animal skin
 n - a +0 cloak (worn)
 p - a +0 troll leather armour (worn)
Jewellery
 k - a +3 ring of evasion (left claw)
 o - a +3 ring of intelligence
Wands
 m - a wand of polymorph (3)
Scrolls
 g - a scroll of blinking
 i - 2 scrolls of vulnerability
 j - a scroll of summoning
Potions
 b - 6 potions of curing
 c - 6 potions of heal wounds
 d - 3 potions of haste
 e - 4 potions of magic
 f - 4 potions of berserk rage
 h - 2 potions of invisibility
 l - 2 potions of might


   Skills:
 + Level 14.0 Fighting
 + Level 7.2 Armour
 + Level 13.8 Dodging
 + Level 16.2 Unarmed Combat


You had 10 spell levels left.
You didn't know any spells.
Your spell library was empty.

Dungeon Overview and Level Annotations

Branches:
Dungeon (1/1)

Altars:
Ashenzari
Cheibriados
Dithmenos
Elyvilon
Fedhas
Gozag
Hepliaklqana
Kikubaaqudgha
Makhleb
Nemelex Xobeh
Okawaru
Qazlal
Ru
Sif Muna
Trog
Uskayaw
Vehumet
Wu Jian
Xom
Yredelemnul
Zin
The Shining One
Jiyva
Lugonu


Innate Abilities, Weirdness & Mutations

You are too large for most types of armour.
You have claws for hands.
Your natural rate of healing is unusually fast.
You are covered in fur. (AC +1)
You have tough skin. (AC +1)


Message History

Something completely misses your iron troll.
Unknown command.
Something hits your iron troll.
Something drains your iron troll's vigour!
Your iron troll seems to slow down.
Unknown command.
Your iron troll disappears in a puff of smoke!
Something hits you. Something drains your vigour!
You feel yourself slow down.
Deactivating autopickup; reactivate with Ctrl-A.
Things that are here:
a +0 rapier; a +0 robe; a +0 buckler Unknown command.
Unknown command.
You eviscerate something!!! Trog accepts your kill.
Reactivating autopickup.
You feel a bit more experienced.
Your Fighting skill increases to level 14!
You scratch the molten gargoyle.
The molten gargoyle is lightly damaged.
The molten gargoyle barely misses you.
You scratch the molten gargoyle but do no damage.
The molten gargoyle is lightly damaged.
The molten gargoyle hits you with a +0 flail!
You are engulfed in flames!
You claw the molten gargoyle!
The molten gargoyle is heavily damaged.
The molten gargoyle hits you with a +0 flail!
You are engulfed in flames!
* * * LOW HITPOINT WARNING * * *
You barely miss the molten gargoyle.
The molten gargoyle is heavily damaged.
The molten gargoyle hits you with a +0 flail!!
* * * LOW HITPOINT WARNING * * *
You are engulfed in flames!
* * * LOW HITPOINT WARNING * * *
You closely miss the molten gargoyle.
The molten gargoyle is heavily damaged.
The molten gargoyle hits you with a +0 flail!
You die...

....##))##############
....##..)...#...')...#
....##....###)..###...#
<...##...##.)...+ #.....#
....##..##..##'## ##...##
....##..#..##...##..+...#
....##.)#..#.....#..# ..#
######..†..'....)9..+ .+
######..#..#....@#..# .#
...[##..#..##...##..'..
..[[##.)##..##+## ##..
..))##.).##.+
..))##....###
.!))##......#
#############


You could see a molten gargoyle.

Vanquished Creatures
  A white draconian (D)
  Erica (D)
  A demonic crawler (D)
  Nergalle (D)
  A shadow wraith (D)
  A deep troll (D)
  3 sea snakes (D)
  A wolf spider (D)
  A deep elf pyromancer (D)
  Maurice (D)
  A rust devil (D)
  A molten gargoyle (D)
  A gargoyle (D)
  A freezing wraith (D)
  A rime drake (D)
  A snapping turtle (D)
  A flying skull (D)
  A ynoxinul (D)
  A redback (D)
  6 vampire mosquitoes (D)
  A chaos spawn (D)
  A warg (D)
  4 orc warriors (D)
  An ice beast (D)
  A centaur (D)
  A phantom (D)
  A bullfrog (D)
  3 scorpions (D)
  A quasit (D)
  A jelly (D)
  An orc priest (D)
  2 orc wizards (D)
  5 gnolls (D)
  A worm (D)
  5 orcs (D)
  A bat zombie (D)
  A hobgoblin (D)
  4 jackals (D)
  2 quokkas (D)
  2 frilled lizards (D)
66 creatures vanquished.

Vanquished Creatures (collateral kills)
  A two-headed ogre (D)
  An orc high priest (D)
  A spriggan (D)
  A vampire mosquito (D)
4 creatures vanquished.

Vanquished Creatures (others)
  A gnoll sergeant (D)
1 creature vanquished.

Grand Total: 71 creatures vanquished

Notes
Turn   | Place    | Note
-------+----------+-------------------------------------------
     0 | D        | sircluck the Troll Berserker began the quest for the Orb.
     0 | D        | Reached XP level 1. HP: 22/22 MP: 0/0
    27 | D        | Found a bloodstained altar of Trog.
    27 | D        | Found a shimmering blue altar of Sif Muna.
    27 | D        | Found a viscous altar of Jiyva.
    27 | D        | Found a hazy altar of Hepliaklqana.
    27 | D        | Found an opulent altar of Gozag.
    28 | D        | Found a glowing golden altar of the Shining One.
    28 | D        | Found a glowing silver altar of Zin.
    28 | D        | Found a basalt altar of Yredelemnul.
    28 | D        | Found a shimmering altar of Xom.
    28 | D        | Found an ornate altar of the Wu Jian Council.
    28 | D        | Found a sacrificial altar of Ru.
    28 | D        | Found a stormy altar of Qazlal.
    28 | D        | Found an iron altar of Okawaru.
    28 | D        | Found a sparkling altar of Nemelex Xobeh.
    28 | D        | Found a burning altar of Makhleb.
    28 | D        | Found a blossoming altar of Fedhas.
    28 | D        | Found a white marble altar of Elyvilon.
    28 | D        | Found a shadowy altar of Dithmenos.
    28 | D        | Found a snail-covered altar of Cheibriados.
    30 | D        | Found a radiant altar of Vehumet.
    30 | D        | Found a corrupted altar of Lugonu.
    31 | D        | Found a hide-covered altar of Uskayaw.
    31 | D        | Found an ancient bone altar of Kikubaaqudgha.
    31 | D        | Found a broken altar of Ashenzari.
    84 | D        | Reached ** piety under Trog
   100 | D        | Reached *** piety under Trog
   101 | D        | Reached skill level 4 in Unarmed Combat
   101 | D        | Reached XP level 2. HP: 27/31 MP: 1/1
   114 | D        | Noticed a flying skull
   125 | D        | Killed a flying skull
   126 | D        | Reached skill level 5 in Fighting
   126 | D        | Reached skill level 5 in Dodging
   126 | D        | Reached skill level 7 in Unarmed Combat
   126 | D        | Reached XP level 3. HP: 5/44 MP: 2/2
   126 | D        | Reached XP level 4. HP: 6/52 MP: 3/3
   126 | D        | Reached XP level 5. HP: 7/59 MP: 4/4
   129 | D        | Reached **** piety under Trog
   213 | D        | Noticed an ice beast
   213 | D        | Noticed a warg
   232 | D        | Reached XP level 6. HP: 65/68 MP: 5/5
   233 | D        | Noticed an orc warrior
   245 | D        | Killed a warg
   245 | D        | Reached ***** piety under Trog
   246 | D        | Reached skill level 8 in Unarmed Combat
   250 | D        | Killed an ice beast
   251 | D        | Reached skill level 9 in Unarmed Combat
   255 | D        | Reached XP level 7. HP: 57/79 MP: 6/6
   264 | D        | Received a gift from Trog
   315 | D        | Noticed a sea snake
   323 | D        | Killed a sea snake
   324 | D        | Reached skill level 11 in Unarmed Combat
   324 | D        | Reached XP level 8. HP: 32/92 MP: 7/7
   390 | D        | Reached ****** piety under Trog
   413 | D        | Noticed an orc high priest
   424 | D        | Noticed a hellwing
   424 | D        | Noticed an ice devil
   426 | D        | Received a gift from Trog
   427 | D        | Reached skill level 10 in Fighting
   428 | D        | Reached skill level 10 in Dodging
   430 | D        | Reached skill level 12 in Unarmed Combat
   436 | D        | Killed an orc high priest
   437 | D        | Reached XP level 9. HP: 69/102 MP: 8/8
   441 | D        | Received a gift from Trog
   544 | D        | Noticed Maurice
   549 | D        | Maurice stole a +3 ring of intelligence
   554 | D        | Killed Maurice
   555 | D        | Reached skill level 13 in Unarmed Combat
   574 | D        | Noticed a freezing wraith
   575 | D        | Noticed a deep elf pyromancer
   585 | D        | Killed a deep elf pyromancer
   585 | D        | Received a gift from Trog
   590 | D        | Killed a freezing wraith
   734 | D        | Noticed a deep troll
   747 | D        | Killed a deep troll
   748 | D        | Reached skill level 14 in Unarmed Combat
   748 | D        | Reached XP level 10. HP: 62/115 MP: 9/9
   751 | D        | HP: 5/115 [poisoned by a redback]
   850 | D        | Noticed a sea snake
   850 | D        | Noticed Nergalle
   857 | D        | Killed Nergalle
   865 | D        | Killed a sea snake
   908 | D        | Noticed a wolf spider
   935 | D        | Killed a wolf spider
   935 | D        | Received a gift from Trog
   966 | D        | Noticed a demonic crawler
   977 | D        | Killed a demonic crawler
   978 | D        | Reached skill level 15 in Unarmed Combat
  1003 | D        | Noticed a sea snake
  1003 | D        | Noticed a rust devil
  1003 | D        | Noticed a molten gargoyle
  1008 | D        | Killed a sea snake
  1014 | D        | Killed a rust devil
  1015 | D        | Reached skill level 5 in Armour
  1015 | D        | Reached XP level 11. HP: 97/127 MP: 10/10
  1283 | D        | Received a gift from Trog
  1318 | D        | Noticed a white draconian
  1334 | D        | Killed a white draconian
  1346 | D        | Noticed a two-headed ogre
  1348 | D        | Noticed Erica
  1352 | D        | Killed a two-headed ogre
  1359 | D        | Killed Erica
  1359 | D        | Received a gift from Trog
  1360 | D        | Reached skill level 16 in Unarmed Combat
  1378 | D        | Killed a shadow wraith
  1382 | D        | HP: 3/130 [molten gargoyle/+0 flail (11)]
  1383 | D        | Mangled by a molten gargoyle

Illustrated notes

Levels and vault maps discovered:
D:        pitsprint [storerooms_1, entrance_room_1, metal_vault_6, armoury_2,
          mini_pit_1, grid_room_1, main_hall_1, silver_pit, the_coven_3,
          the_vestibule_1, steel_vault_2, golden_pit, hallway_of_sentries,
          crystal_vault_1, iron_vault_1, final_vault]

Skill      XL: |  1  2  3  4  5  6  7  8  9 10 11 |
---------------+----------------------------------+-----
Fighting       | 3 5 6 7 9 10 12 13 14 | 14.0
Dodging        | 3 5 6 7 9 10 11 13 | 13.8
Unarmed Combat | 4 7 9 11 12 14 15 16 | 16.2
Armour         | 5 7 |  7.2

Action                     |  1- 3 |  4- 6 |  7- 9 | 10-12 || total
---------------------------+-------+-------+-------+-------++-------
  Melee: Unarmed           |    42 |    31 |    90 |    89 ||   252
         Punch             |       |     3 |     7 |     9 ||    19
 Invoke: Berserk           |     1 |       |     1 |     1 ||     3
         Brothers in Arms  |       |       |     1 |     1 ||     2
    Use: Potion            |       |       |     1 |     1 ||     2
   Stab: Distracted        |       |       |     1 |       ||     1
 Armour: Animal skin       |    41 |    19 |    49 |     1 ||   110
         Skin              |       |       |     4 |       ||     4
         Troll leather arm |       |       |       |    56 ||    56
  Dodge: Dodged            |    32 |    14 |    68 |    63 ||   177

Table legend: (Time is in decaauts)
 A = Elapsed time spent in this place.
 B = Non-inter-level travel time spent in this place.
 C = Inter-level travel time spent in this place.
 D = Time resting spent in this place.
 E = Time spent auto-exploring this place.
 F = Levels seen in this place.
 G = Mean time per level.
                   A        B        C        D        E       F      G
               +--------+--------+--------+--------+--------+-----+--------+
         Total |   1357 |   1254 |    103 |    484 |    135 |   1 | 1357.0 |
       Dungeon |   1357 |   1254 |    103 |    484 |    135 |   1 | 1357.0 |
               +--------+--------+--------+--------+--------+-----+--------+

Top non-repeatable levels by time:
       D: 1357 daAuts
